 Dungeon Crawl Stone Soup version 0.28.0-43-g3370ac3207 (webtiles) character file.

Game seed: 12278530605743061485

53 issech the Cudgeller (level 3, 0/36 HPs)
             Began as a Troll Monk on Mar 26, 2022.
             Slain by an adder (4 damage)
             ... on level 2 of the Dungeon.
             The game lasted 00:03:18 (1074 turns).

issech the Cudgeller (Troll Monk)                   Turns: 1074, Time: 00:03:18

Health: 0/36       AC:  4    Str: 19    XL:     3   Next: 64%
Magic:  2/2        EV: 10    Int:  6    God:
Gold:   30         SH:  0    Dex: 14    Spells: 2/2 levels left

rFire   . . .      SeeInvis .   a - +0 mace
rCold   . . .      Faith    .   (no shield)
rNeg    . . .      Spirit   .   b - +0 robe
rPois   .          Reflect  .   (helmet restricted)
rElec   .          Harm     .   (no cloak)
rCorr   .          Rampage  .   (gloves unavailable)
Will    .....                   (boots unavailable)
Stlth   ++........              (no amulet)
HPRegen 0.92/turn               (no ring)
MPRegen 0.08/turn               (no ring)

@: lethally poisoned (0 -> -1)
A: large, unfitting armour, claws 3, regeneration 1, shaggy fur 1, tough skin 1
a: no special abilities


You were on level 2 of the Dungeon.
You visited 1 branch of the dungeon, and saw 2 of its levels.

You collected 30 gold pieces.

Inventory:

Hand Weapons
 a - a +0 mace (weapon)
Missiles
 c - 71 stones (quivered)
Armour
 b - a +0 robe (worn)
Scrolls
 d - a scroll of brand weapon {unknown}
 g - a scroll of silence {unknown}
 h - a scroll of enchant weapon {unknown}
 i - 2 scrolls of identify {unknown}
 k - a scroll of teleportation {unknown}
Potions
 e - a potion of cancellation {unknown}
 f - a potion of heal wounds {unknown}
 j - a potion of brilliance {unknown}


   Skills:
 + Level 2.7 Fighting
 + Level 3.4 Maces & Flails
 + Level 2.9 Dodging
 + Level 1.1 Stealth


You had 2 spell levels left.
You didn't know any spells.
Your spell library contained the following spells:

 Spells                   Type           Power      Damage    Failure   Level
 Animate Skeleton         Necr           0%         N/A       45%         1
 Apportation              Tloc           0%         N/A       45%         1
 Summon Small Mammal      Summ           0%         N/A       45%         1


Dungeon Overview and Level Annotations

Branches:
Dungeon (2/15)

Altars:


Innate Abilities, Weirdness & Mutations

You are too large for most types of armour.
You have claws for hands.
Your natural rate of healing is unusually fast.
You are covered in fur. (AC +1)
You have tough skin. (AC +1)


Message History

You feel sick. The adder bites you.
You are more poisoned.
The adder poisons you!
You hit the adder but do no damage.
The adder is severely wounded.
You feel very sick. The adder closely misses you.
The adder bites you but does no damage.
You closely miss the adder.
The adder is severely wounded.
You feel sick. The adder barely misses you.
You closely miss the adder.
The adder is severely wounded.
You feel sick. The adder bites you. The adder closely misses you.
You hit the adder but do no damage.
The adder is severely wounded.
You feel sick. The adder bites you. x2
You hit the adder.
The adder is almost dead.
You feel sick. The adder misses you.
You miss the adder.
The adder is almost dead.
You feel sick. The adder bites you but does no damage. The adder bites you.
* * * LOW HITPOINT WARNING * * *
You closely miss the adder.
The adder is almost dead.
You feel sick.
You are no longer poisoned.
The adder bites you.
* * * LOW HITPOINT WARNING * * *
You are poisoned.
The adder poisons you! The adder closely misses you.
You closely miss the adder.
The adder is almost dead.
You feel sick. The adder bites you but does no damage.
You miss the adder.
The adder is almost dead.
You feel sick. The adder bites you.
* * * LOW HITPOINT WARNING * * *
The adder bites you.
You die...

####....
#######...# # .
#...# # #..[##
# #....# #
#....## #
########.....#
#
...........#.#
#
.........###...
# ......S@.#
..... #
.........# ....
#### .........#
>.. #..#
.........# #..#
.........# #..#
.........# #..#
.........# ...#
.........# ##.#


You could see an adder.

Vanquished Creatures
  Terence (D:2)
  2 worms (D:2)
  2 dart slugs
  2 endoplasms (D:2)
  A giant cockroach (D:1)
  2 hobgoblins
  A quokka (D:1)
  2 ball pythons
  A bat (D:1)
  3 frilled lizards (D:2)
  A kobold (D:2)
  3 rats
21 creatures vanquished.

Notes
Turn   | Place    | Note
-------+----------+-------------------------------------------
     0 | D:1      | issech the Troll Monk began the quest for the Orb.
     0 | D:1      | Reached XP level 1. HP: 22/22 MP: 0/0
   480 | D:1      | Reached XP level 2. HP: 29/29 MP: 1/1
   571 | D:1      | Found a faded altar of an unknown god.
   831 | D:2      | Noticed Terence
   844 | D:2      | Killed Terence
   845 | D:2      | Reached skill level 3 in Maces & Flails
   845 | D:2      | Reached XP level 3. HP: 18/36 MP: 2/2
  1074 | D:2      | Slain by an adder

Illustrated notes

Levels and vault maps discovered:
D:1:      onia_arrival_mini_maze, layout_loops_cross,
          ebering_ecumenical_altar_abandoned
D:2:      layout_basic, uniq_terence

Skill      XL: |  1  2 |
---------------+-------+-----
Maces & Flails | 3 |  3.4
Fighting       | |  2.7
Dodging        | |  2.9
Stealth        | |  1.1

Action                   || total
-------------------------++-------
Melee: Mace              ||    92
       Punch             ||     1
Armor: Robe              ||    40
Dodge: Dodged            ||    49
